 Seeded DCSS version 0.31-a0-325-g067879e3d3 (webtiles) character file.

Game seed: 6682022821505197 (custom seed)

261 bmack86 the Chopper (level 5, -7/43 (45) HPs)
             Began as a Minotaur Fighter on July 18, 2023.
             Mangled by a wight
             ... wielding a +2 halberd
              (10 damage)
             ... on level 3 of the Dungeon.
             The game lasted 00:03:44 (1356 turns).

bmack86 the Chopper (Minotaur Fighter)              Turns: 1356, Time: 00:03:45

HP:   -7/43 (45)    AC: 13    Str: 22    XL:     5   Next: 96%
MP:   4/4           EV:  8    Int:  5    God:
Gold: 226           SH:  4    Dex: 10    Spells: 4/4 levels left

rFire   . . .        a - +0 war axe
rCold   . . .        c - +0 buckler
rNeg    . . .        j - +0 chain mail
rPois   .            (helmet restricted)
rElec   .            (no cloak)
rCorr   .            (no gloves)
SInv    +            (no boots)
Will    .....        (no amulet) Stlth
                     g - ring of see invisible
HPRegen 0.27/turn    l - +4 ring of protection
MPRegen 0.09/turn

%: no passive effects
@: mighty, lightly drained
A: horns 2, retaliatory headbutt
a: no special abilities


You were on level 3 of the Dungeon.
You visited 1 branch of the dungeon, and saw 3 of its levels.

You collected 226 gold pieces.

Inventory:

Hand Weapons
 a - a +0 war axe (weapon)
Missiles
 n - 6 poisoned darts
Armour
 b - a +0 scale mail
 c - a +0 buckler (worn)
 j - a +0 chain mail (worn)
Jewellery
 g - a ring of see invisible (left hand)
 l - a +4 ring of protection (right hand)
Wands
 t - a wand of acid (1) (quivered)
Scrolls
 e - a scroll of fog {unknown}
 f - a scroll of fear {unknown}
 i - a scroll of identify {unknown}
 o - a scroll of vulnerability {unknown}
 p - a scroll of blinking {unknown}
 s - a scroll of amnesia {unknown}
 u - a scroll of teleportation {unknown}
Potions
 h - a potion of berserk rage {unknown}
 k - a potion of invisibility {unknown}
 m - a potion of resistance {unknown}
 q - a potion of enlightenment {unknown}
 r - 2 potions of curing {unknown}


   Skills:
 - Level 3.6 Fighting
 + Level 7.6 Axes
 - Level 3.6 Armour
 - Level 3.6 Shields


You had 4 spell levels left.
You didn't know any spells.
Your spell library contained the following spells:

 Spells                   Type           Power      Damage    Failure   Level
 Vhi's Electric Charge    Tloc/Air       0%         N/A       100%        3
 Arcjolt                  Conj/Air       0%         1d10      100%        5
 Maxwell's Capacitive Co  Air            0%         ∞         100%        8


Dungeon Overview and Level Annotations

Branches:
Dungeon (3/15)

Altars:


Innate Abilities, Weirdness & Mutations

You have a pair of horns on your head.
You reflexively headbutt those who attack you in melee.


Message History

You hit the endoplasm. You headbutt the endoplasm.
You kill the endoplasm!
Things that are here:
a +6 heavy scythe; a +0 robe; the human corpse of Sigmund You now have 221 gold pieces (gained 16).
u - a scroll labelled SAMUSI TIEH You now have 226 gold pieces (gained 5).
A wight comes into view. It is wielding a +0 morningstar.
A wight comes into view.
It is wielding a +4 dagger. 2 wights come into view.
You block the wight's attack.
You barely miss the wight.
The wight hits you with a +0 morningstar!
You barely miss the wight. You closely miss the wight.
The wight hits you with a +4 dagger.
You feel drained. You block the wight's attack. The wight barely misses you.
The wight hits you with a +0 morningstar!
The wight hits you but does no damage.
The wight hits you from afar with a +2 halberd.
You slash the wight!
The wight is moderately damaged.
You barely miss the wight. You hit the wight but do no damage.
The wight hits you with a +0 morningstar!
The wight barely misses you. x2; The wight hits you but does no damage.
You hit the wight but do no damage. You headbutt the wight!
The wight is heavily damaged.
You hit the wight but do no damage. You hit the wight.
The wight hits you with a +0 morningstar.
* * * LOW HITPOINT WARNING * * *
The wight hits you but does no damage.
The wight hits you from afar with a +2 halberd.
* * * LOW HITPOINT WARNING * * *
You feel drained.
You feel very mighty all of a sudden.
The wight hits you with a +0 morningstar.
* * * LOW HITPOINT WARNING * * *
The wight hits you with a +4 dagger.
* * * LOW HITPOINT WARNING * * *
The wight hits you from afar with a +2 halberd!
You die...

..........# ..........#
.........# #######
........######......
#......##...#......
#......##...#......
#.###.zz...##...#......
#...z.@................
#####.z....##...#......
#?.....######......
#......# #......
######## #######


You could see 4 wights.

Vanquished Creatures
  Sigmund (D:3)
  An iguana (D:3)
  An ufetubus (D:2)
  A worm (D:2)
  3 dart slugs (D:1)
  6 ball pythons
  5 bats
  5 endoplasms
  5 giant cockroaches
  5 hobgoblins
  5 kobolds
  2 quokkas (D:1)
  2 frilled lizards (D:2)
  6 goblins
  4 rats
52 creatures vanquished.

Notes
Turn   | Place    | Note
-------+----------+-------------------------------------------
     0 | D:1      | bmack86 the Minotaur Fighter began the quest for the Orb.
     0 | D:1      | Reached XP level 1. HP: 19/19 MP: 0/0
    84 | D:1      | Reached skill level 3 in Axes
   101 | D:1      | Reached XP level 2. HP: 23/26 MP: 1/1
   243 | D:1      | Reached skill level 4 in Axes
   346 | D:1      | Reached XP level 3. HP: 31/31 MP: 2/2
   837 | D:2      | Reached skill level 5 in Axes
  1239 | D:3      | Reached XP level 4. HP: 38/39 MP: 3/3
  1309 | D:3      | Noticed Sigmund
  1314 | D:3      | Killed Sigmund
  1315 | D:3      | Reached skill level 7 in Axes
  1315 | D:3      | Reached XP level 5. HP: 45/45 MP: 4/4
  1356 | D:3      | Mangled by a wight

Illustrated notes

Levels and vault maps discovered:
D:1:      dpeg_arrival_shelter, layout_rooms
D:2:      layout_basic, serial_curves, eino_curves_02, eino_curves_01
D:3:      layout_basic, mainiacjoe_overflow_six_doors_small, serial_shops,
          nicolae_book_shop_shelving, shapermc_ecumenical_altar_rom_forum,
          uniq_sigmund

Skill      XL: |  1  2  3  4 |
---------------+-------------+-----
Axes           | 3 4 5 7 |  7.6
Fighting       | |  3.6
Armour         | |  3.6
Shields        | |  3.6

Action                     |  1- 3 |  4- 6 || total
---------------------------+-------+-------++-------
  Melee: War axe           |    65 |     8 ||    73
         Headbutt          |     9 |     2 ||    11
  Evoke: Wand              |       |     4 ||     4
    Use: Potion            |       |     1 ||     1
 Armour: Scale mail        |    25 |       ||    25
         Chain mail        |     4 |    10 ||    14
  Dodge: Dodged            |    34 |    11 ||    45
  Block: Buckler           |    11 |     4 ||    15

Table legend: (Time is in decaauts)
 A = Elapsed time spent in this place.
 B = Non-inter-level travel time spent in this place.
 C = Inter-level travel time spent in this place.
 D = Time resting spent in this place.
 E = Time spent auto-exploring this place.
 F = Levels seen in this place.
 G = Mean time per level.
                   A        B        C        D        E       F      G
               +--------+--------+--------+--------+--------+-----+--------+
         Total |   1377 |   1345 |     32 |      0 |    796 |   3 |  459.0 |
       Dungeon |   1377 |   1345 |     32 |      0 |    796 |   3 |  459.0 |
               +--------+--------+--------+--------+--------+-----+--------+

Top non-repeatable levels by time:
     D:2: 609 daAuts
     D:1: 497 daAuts
     D:3: 270 daAuts
